 Dungeon Crawl Stone Soup version 0.27.0-1-g7a089689b8 (webtiles) character file.

Game seed: 11110942209177540949

4449 freelancePsychic the Fighter (level 10, 0/77 HPs)
             Began as a Djinni Fighter on Aug 5, 2021.
             Was a Follower of Cheibriados.
             Slain by an ancient zyme (5 damage)
             ... on level 2 of the Abyss.
             The game lasted 00:19:28 (11045 turns).

freelancePsychic the Fighter (Djinni Fighter)      Turns: 11045, Time: 00:19:28

Health: 0/77       AC:  9    Str: 18    XL:     10   Next: 63%
Gold:   618        EV: 12    Int: 15    God:    Cheibriados [*.....] SH:  0 Dex: 17

rFire    + + +     SeeInvis .   I - +0 long sword (drain)
rCold    . . .     Faith    .   (no shield)
rNeg     . . .     Spirit   .   n - +0 ring mail
rPois    ∞         Reflect  .   D - +2 hat {Stlth+}
rElec    .         Harm     .   G - scarf {rC+ rF+}
rCorr    .         Rampage  .   A - +1 pair of gloves
Will     +....                  (boots unavailable)
Stlth    ++........             m - amulet of regeneration
HPRegen  1.22/turn              (no ring)
MPRegen  0.00/turn              (no ring)

@: flying, very slow
A: sickness immunity, fire resistance 2, cold vulnerability 1, float, innate
caster, hp casting, extra vitality 1
a: Renounce Religion, Bend Time


You were on level 2 of the Abyss.
You worshipped Cheibriados.
Cheibriados was aware of your devotion.
You visited 2 branches of the dungeon, and saw 10 of its levels.
You visited the Abyss 1 time.

You collected 618 gold pieces.

Inventory:

Hand Weapons
 a - a +0 whip of electrocution
 b - a +1 whip of venom
 f - a +0 spectral long sword
 p - a +1 short sword of freezing
 I - a +0 long sword of draining (weapon)
Armour
 c - a +0 kite shield
 j - a +0 scale mail
 n - a +0 ring mail (worn)
 v - a +0 tower shield
 A - a +1 pair of gloves (worn)
 D - a +2 hat of stealth (worn)
 G - a scarf of resistance (worn)
 J - +0 steam dragon scales
Magical Staves
 u - a staff of air
 y - a staff of death
Jewellery
 m - an amulet of regeneration (around neck)
 w - a ring of willpower
 C - an amulet of reflection
Wands
 e - a wand of acid (9)
 k - a wand of iceblast (3)
 q - a wand of flame (18)
 F - a wand of mindburst (7)
Scrolls
 t - a scroll of silence
 z - a scroll of brand weapon
 E - a scroll of torment {unknown}
 H - a scroll of fear {unknown}
Potions
 d - 2 potions of might
 g - a potion of curing {unknown}
 h - a potion of lignification {unknown}
 i - 2 potions of resistance {unknown}
 l - a potion of flight {unknown}
 o - 2 potions of degeneration {unknown}
 s - 2 potions of berserk rage {unknown}
 x - 2 potions of attraction {unknown}
 B - a potion of ambrosia {unknown}


   Skills:
 - Level 8.8 Fighting
 * Level 6.4 Long Blades
 - Level 5.8 Maces & Flails
 - Level 3.0 Armour
 - Level 4.1 Dodging
 - Level 3.0 Shields
 - Level 4.5 Spellcasting
 - Level 1.2 Invocations


You had 9 spell levels left.
You knew the following spells:

 Your Spells              Type           Power      Damage    Failure   Level
a - Beastly Appendage     Tmut           32%        N/A       4%          1
b - Ensorcelled Hibernat  Hex/Ice        32%        N/A       7%          2
c - Slow                  Hex            16%        N/A       7%          2
d - Cause Fear            Hex            8%         N/A       43%         4
Your spell library was empty.

Dungeon Overview and Level Annotations

Branches:
Dungeon (9/15)             Temple (1/1) D:5            Lair (0/6) D:8
    Orc: D:9-12

Altars:
Ashenzari
Cheibriados
Dithmenos
Elyvilon
Fedhas
Gozag
Hepliaklqana
Kikubaaqudgha
Makhleb
Nemelex Xobeh
Okawaru
Qazlal
Ru
Sif Muna
Trog
Uskayaw
Vehumet
Wu Jian
Xom
Yredelemnul
Zin
The Shining One

Shops:
D:1 :   D:5 =

Annotations:
D:6 3 runed translucent doors, ZARRMARR's ghost, novice DrAE; ZARRMARR's ghost, novice DrVM
D:7 exclusion: door
D:9 Erolcha


Innate Abilities, Weirdness & Mutations

You are immune to sickness and miasma.
You are immune to poison.
Your flesh is very heat resistant. (rF++)
You are vulnerable to cold. (rC-)
You float through the air rather than walking.
You learn spells naturally, not from books.
Your magical power is your life essence.
You have superior vitality. (+4 HP)


Message History

The ancient zyme barely misses you. The ancient zyme hits you.
* * * LOW HITPOINT WARNING * * *
The ancient zyme hits you but does no damage.
The ancient zyme completely misses you.
The ancient zyme hits you but does no damage.
The ancient zyme hits you!
* * * LOW HITPOINT WARNING * * *
The ancient zyme barely misses you.
You feel much better. The ancient zyme hits you.
* * * LOW HITPOINT WARNING * * *
The ancient zyme hits you.
* * * LOW HITPOINT WARNING * * *
The ancient zyme hits you but does no damage.
The ancient zyme misses you.
You feel much better.
The ancient zyme hits you but does no damage.
The ancient zyme hits you. The ancient zyme misses you. x2
You hit the ancient zyme but do no damage.
The ancient zyme is moderately damaged.
The ancient zyme hits you. The ancient zyme hits you! x2
* * * LOW HITPOINT WARNING * * *
The ancient zyme hits you but does no damage.
You hit the ancient zyme.
The ancient zyme is moderately damaged.
The ancient zyme hits you.
* * * LOW HITPOINT WARNING * * *
The ancient zyme closely misses you. x2; The ancient zyme hits you.
* * * LOW HITPOINT WARNING * * *
You hit the ancient zyme but do no damage.
The ancient zyme is moderately damaged.
The ancient zyme barely misses you.
You riposte.
You completely miss the ancient zyme.
The ancient zyme is moderately damaged.
The ancient zyme hits you!
* * * LOW HITPOINT WARNING * * *
The ancient zyme hits you.
* * * LOW HITPOINT WARNING * * *
The ancient zyme hits you.
You die...

#..#.## ..... #
###..###..... #
### #.....#.# .
.#.#.#....#
#.#.#.#...#. # #
#..#.....# ....
#.###....# # # #
#...xx##.......#
####@##.##.#. ..
### . .# .. #. #
#.#. # .. ##


You could see 2 ancient zymes.

Vanquished Creatures
  A two-headed ogre (D:9)
  Maurice (D:8)
  Maggie (D:8)
  A wyvern (D:7)
  3 steam dragons
  2 water moccasins (D:6)
  An orc warrior (D:8)
  A black bear (D:5)
  A necrophage (D:6)
  2 ogres
  4 centaurs
  3 bullfrogs
  A gnoll sergeant (D:7)
  4 scorpions
  A wyvern zombie (D:8)
  A wyvern skeleton (D:5)
  2 water moccasin skeletons
  3 wights (D:7)
  5 killer bees (D:9)
  3 centaur zombies
  An orc priest (D:3)
  A hound (D:4)
  A bullfrog skeleton (D:6)
  A gnoll shaman (D:8)
  2 iguanas (D:6)
  3 orc wizards
  A hound skeleton (D:4)
  A mummy (D:6)
  A howler monkey zombie (D:6)
  4 adders
  5 gnolls (D:7)
  A white imp (D:6)
  3 ufetubi
  3 worms
  2 dart slugs
  21 orcs
  5 bats
  5 endoplasms
  6 giant cockroaches
  4 goblins
  4 hobgoblins
  7 jackals
  3 quokkas
  5 ball pythons
  5 frilled lizards
  9 kobolds
  5 rats
150 creatures vanquished.

Vanquished Creatures (collateral kills)
  A komodo dragon (D:8)
1 creature vanquished.

Vanquished Creatures (others)
  10 plants (D:8)
10 creatures vanquished.

Grand Total: 161 creatures vanquished

Notes
Turn   | Place    | Note
-------+----------+-------------------------------------------
     0 | D:1      | freelancePsychic the Djinni Fighter began the quest for the
                  | Orb.
     0 | D:1      | Reached XP level 1. HP: 20/20 MP: 0/0
    60 | D:1      | Reached XP level 2. HP: 25/25 MP: 0/0
    61 | D:1      | Found Seaprint's Book Shop.
   269 | D:1      | Found a faded altar of an unknown god.
   652 | D:1      | Reached XP level 3. HP: 30/30 MP: 0/0
   652 | D:1      | Learned a level 1 spell: Beastly Appendage
  1573 | D:2      | Reached skill level 1 in Spellcasting
  1573 | D:2      | Reached XP level 4. HP: 22/35 MP: 0/0
  3016 | D:2      | Reached XP level 5. HP: 41/41 MP: 0/0
  3016 | D:2      | Learned a level 2 spell: Ensorcelled Hibernation
  3078 | D:3      | Reached skill level 4 in Fighting
  3211 | D:3      | Reached skill level 1 in Maces & Flails
  4242 | D:4      | Reached XP level 6. HP: 38/48 MP: 0/0
  4849 | D:5      | Entered Level 5 of the Dungeon
  4935 | D:5      | Found Juicocwa's Jewellery Boutique.
  5148 | D:5      | Noticed an ogre
  5157 | D:5      | Reached skill level 5 in Fighting
  5167 | D:5      | Killed an ogre
  5168 | D:5      | Reached XP level 7. HP: 48/54 MP: 0/0
  5168 | D:5      | Learned a level 2 spell: Slow
  5299 | D:5      | Found a staircase to the Ecumenical Temple.
  5389 | Temple   | Entered the Ecumenical Temple
  5448 | Temple   | Became a worshipper of Ru the Awakened
  6018 | D:6      | Found a runed translucent gate.
  6018 | D:6      | Found a runed translucent gate.
  6019 | D:6      | Found a runed translucent gate.
  6021 | D:6      | Noticed ZARRMARR's ghost (novice DrAE)
  6021 | D:6      | Noticed ZARRMARR's ghost (novice DrVM)
  6070 | D:6      | Reached skill level 6 in Fighting
  6305 | D:6      | Reached XP level 8. HP: 60/61 MP: 0/0
  6869 | D:6      | Reached skill level 7 in Fighting
  6967 | D:6      | Found a snail-covered altar of Cheibriados.
  6973 | D:6      | Fell from the grace of Ru
  6973 | D:6      | Became a worshipper of Cheibriados the Contemplative
  7707 | D:7      | Reached XP level 9. HP: 69/69 MP: 0/0
  7707 | D:7      | Learned a level 4 spell: Cause Fear
  7740 | D:7      | Reached skill level 1 in Dodging
  7874 | D:7      | Reached skill level 8 in Fighting
  8084 | D:7      | Noticed a boulder beetle
  8419 | D:7      | Reached * piety under Cheibriados
  9145 | D:8      | Found a staircase to the Lair.
  9146 | D:8      | Noticed a komodo dragon
  9167 | D:8      | Killed a komodo dragon
  9168 | D:8      | Reached skill level 1 in Invocations
  9537 | D:8      | Noticed Maggie
  9544 | D:8      | Killed Maggie
  9550 | D:8      | Noticed Maurice
  9837 | D:8      | Reached skill level 5 in Maces & Flails
  9941 | D:8      | Reached XP level 10. HP: 66/77 MP: 0/0
 10388 | D:8      | Identified a scroll of acquirement
 10388 | D:8      | Acquired an amulet of regeneration
 10446 | D:8      | Killed Maurice
 10833 | D:9      | Noticed a two-headed ogre
 10849 | D:9      | Killed a two-headed ogre
 10910 | D:9      | Noticed Erolcha
 10912 | D:9      | Cast into level 2 of the Abyss (Erolcha)
 11012 | Abyss:2  | Noticed a thrashing horror
 11040 | Abyss:2  | HP: 1/77 [ancient zyme (11)]
 11045 | Abyss:2  | Slain by an ancient zyme

Illustrated notes

Levels and vault maps discovered:
D:1:      minmay_arrival_five_plusses, layout_basic, serial_forest,
          infiniplex_forest_clump_tiny, infiniplex_forest_lined_room_,
          infiniplex_forest_clump_tiny, infiniplex_forest_lined_2,
          infiniplex_forest_split, infiniplex_forest_end_2,
          infiniplex_forest_end_double, infiniplex_forest_clump_diagonal,
          serial_shops, shop, ebering_ecumenical_altar_box, minivault_4
D:2:      layout_basic
D:3:      layout_loops_cross
D:4:      minmay_razor_zed, layout_basic
D:5:      layout_basic, minmay_temple_entry_poolview, serial_shops,
          nicolae_square_shop, kennysheep_generic_room_4
D:6:      layout_loops_ring, chei_slow_surprise, gammafunk_ghost_cemetery
D:7:      minmay_clustersquares, layout_cave_pools
D:8:      layout_rooms, david_lair_shrubbed, uniq_maggie, uniq_maurice
D:9:      layout_basic, uniq_erolcha
Temple:   kilobyte_greek_temple
Abyss:2:  base: D:3, gammafunk_abyss_exit_x_factor,
          gammafunk_abyss_exit_x_factor

Skill      XL: |  1  2  3  4  5  6  7  8  9 10 |
---------------+-------------------------------+-----
Long Blades    | 2 6 |  6.4
Spellcasting   | 1 2 4 |  4.5
Fighting       | 4 5 6 7 8 |  8.8
Maces & Flails | 1 2 5 |  5.8
Dodging        | 4 |  4.1
Invocations    | 1 |  1.2
Armour         | |  3.0
Shields        | |  3.0

Action                   |  1- 3 |  4- 6 |  7- 9 | 10-12 || total
-------------------------+-------+-------+-------+-------++-------
Melee: Long sword        |    15 |       |       |    77 ||    92
       Whip              |    66 |   194 |   274 |    16 ||   550
       Headbutt          |       |     3 |     4 |       ||     7
 Cast: Beastly Appendage |       |     3 |     3 |     1 ||     7
       Slow              |       |       |    15 |     6 ||    21
       Ensorcelled Hiber |       |       |     5 |       ||     5
Evoke: Wand              |       |       |    10 |     3 ||    13
  Use: Scroll            |       |     4 |     3 |     7 ||    14
       Potion            |       |       |     1 |     4 ||     5
 Stab: Sleeping          |       |       |     3 |       ||     3
Armor: Scale mail        |    32 |       |       |       ||    32
       Ring mail         |     1 |    82 |   134 |    48 ||   265
Dodge: Dodged            |    41 |   126 |   191 |    98 ||   456
       Rpst.: Long sword |     4 |       |       |    19 ||    23
